 Dungeon Crawl Stone Soup version 0.25.1-4-g9407a263a5 (webtiles) character file.

Game seed: 4326402045585902149

46 Erymatos the Skirmisher (level 3, -5/51 HPs)
             Began as a Minotaur Berserker on Nov 25, 2020.
             Was a Follower of Trog.
             Slain by a gnoll
             ... wielding a +0 club
              (8 damage)
             ... on level 2 of the Dungeon.
             The game lasted 00:01:19 (1360 turns).

Erymatos the Skirmisher (Minotaur Berserker)        Turns: 1360, Time: 00:01:20

Health: -5/51      AC:  2    Str: 22    XL:     3   Next: 46%
Magic:  2/2        EV: 12    Int:  4    God:    Trog [*.....]
Gold:   75         SH:  0    Dex:  9    Spells: 2/2 levels left

rFire    . . .     SeeInvis .   a - +0 hand axe
rCold    . . .     Gourm    .   (no shield)
rNeg     . . .     Faith    .   b - +0 animal skin
rPois    .         Spirit   .   (helmet restricted)
rElec    .         Reflect  .   (no cloak)
rCorr    .         Harm     .   (no gloves)
MR       .....                  (no boots)
Stlth    ..........             (no amulet)
HPRegen  0.17/turn              (no ring)
MPRegen  0.08/turn              (no ring)

@: berserking (expiring), very quick
A: retaliatory headbutt, horns 2
a: Berserk, Renounce Religion


You were on level 2 of the Dungeon.
You worshipped Trog.
Trog was aware of your devotion.
You were very hungry.

You visited 1 branch of the dungeon, and saw 2 of its levels.

You collected 75 gold pieces.

Inventory:

Hand Weapons
 a - a +0 hand axe (weapon)
Armour
 b - a +0 animal skin (worn)
Scrolls
 d - a scroll of fog {unknown}
 e - 2 scrolls of magic mapping {unknown}
 f - a scroll of enchant armour {unknown}
 k - a scroll of teleportation {unknown}
Potions
 g - 3 potions of heal wounds {unknown}
 h - a potion of cancellation {unknown}
 i - a potion of resistance {unknown}
 j - a potion of invisibility {unknown}
Comestibles
 c - 2 rations


   Skills:
 + Level 4.4 Fighting
 + Level 4.3 Axes
 + Level 2.5 Armour
 + Level 2.5 Dodging
 - Level 0.7 Stealth


You had 2 spell levels left.
You didn't know any spells.
Your spell library was empty.

Dungeon Overview and Level Annotations

Branches:
Dungeon (2/15)

Altars:
Elyvilon
Nemelex Xobeh
Okawaru
Vehumet
Xom


Innate Abilities, Weirdness & Mutations

You reflexively headbutt those who attack you in melee.
You have a pair of horns on your head.


Message History

You are too injured to fight recklessly!
A red film seems to cover your vision as you go berserk!
You feel yourself moving faster!
You feel mighty!
You are feeling very hungry.
The gnoll hits you. The gnoll closely misses you. You furiously retaliate!
You headbutt the gnoll!
You tear a large gash into the net.
You feel a strong urge to attack something.
Unknown command.
You struggle against the net.
The gnoll hits you.
* * * LOW HITPOINT WARNING * * *
The gnoll hits you with a +0 club.
* * * LOW HITPOINT WARNING * * *
Unknown command.
You rip the net and break free!
You feel your anger nearly subside. The gnoll hits you.
* * * LOW HITPOINT WARNING * * *
The gnoll hits you with a +0 club!
You die...

#.# ........##.#
#.......##.#
.......##.#
#......##.#
#......##.##########
#......##.#........)
#..gg..##.#.........
#@## #...........
#..# #.#####.####
##.####.# #<#.#
#.......# #.#)#
#.#[###.###.#.####
#$#.#..)..........
#.#.#.#.##....^...
#$#.#.#(##.[......
#.#...............


You could see 2 gnolls.

Vanquished Creatures
  2 gnolls
  An ooze (D:1)
  A dart slug (D:1)
  3 goblins (D:1)
  2 hobgoblins (D:1)
  3 jackals (D:1)
  2 ball pythons (D:1)
  3 bats (D:1)
  A frilled lizard (D:1)
  A kobold (D:1)
  3 rats (D:1)
22 creatures vanquished.

Notes
Turn   | Place    | Note
-------+----------+-------------------------------------------
     0 | D:1      | Erymatos the Minotaur Berserker began the quest for the
                  | Orb.
     0 | D:1      | Reached XP level 1. HP: 19/19 MP: 0/0
   226 | D:1      | Reached XP level 2. HP: 27/27 MP: 1/1
   315 | D:1      | Found a radiant altar of Vehumet.
   317 | D:1      | Found an iron altar of Okawaru.
   317 | D:1      | Found a basalt altar of Yredelemnul.
   319 | D:1      | Found a shimmering altar of Xom.
   319 | D:1      | Found a sparkling altar of Nemelex Xobeh.
   319 | D:1      | Found a white marble altar of Elyvilon.
   840 | D:1      | Reached XP level 3. HP: 26/34 MP: 2/2
  1360 | D:2      | Slain by a gnoll

Illustrated notes

Levels and vault maps discovered:
D:1:      dpeg_arrival_tiny_g, layout_loops_ring, hangedman_glass_garden,
          doesnt_xom_only_xom
D:2:      layout_basic, uniq_crazy_yiuf_cottage

Skill      XL: |  1  2 |
---------------+-------+-----
Fighting       | 4 |  4.4
Axes           | 4 |  4.3
Armour         | |  2.5
Dodging        | |  2.5
Stealth        | |  0.7

Action                   || total
-------------------------++-------
Melee: Hand axe          ||    49
       Headbutt          ||     7
Invok: Berserk           ||     1
 Stab: Sleeping          ||     1
  Eat: Chunk             ||     1
Armor: Animal skin       ||     4
Dodge: Dodged            ||    29
